AoeStats
← Flash Git

MegaRandom

507713685Analyzed
4v4 RM · 12d ago on Sep 19, 2026· 50m 52s· 8 players
Game mode
Random Map
Map size
Large (8 player)
Population
200
Speed
Normal
Resources
Standard
Victory
Conquest
Starting age
Dark Age
Ending age
Imperial Age
RankedLock teamsTeams togetherTeam positionsShared explorationLock speedFull tech treeHidden civsTurbo modeCheats
Victory
Defeat
🇬🇧 Turks · United Kingdom
1248
+14
🇮🇳 Koreans · India
1242
+15
🇦🇺 Bulgarians · Australia
1240
+15
🇫🇷 Persians · France
1143
+19
🇷🇺 Burgundians · Russia
1246
-17
🇨🇴 Inca · Colombia
1235
-17
🇷🇺 Byzantines · Russia
1196
-15
🇷🇴 Teutons · Romania
1169
-14
dlukianov
0:42 Loom
9:16 Feudal Age
11:02 Horse Collar
11:09 Double-Bit Axe
13:49 Gold Mining
18:52 Castle Age
18:00 Stone Mining
21:00 Wheelbarrow
21:21 Bow Saw
24:50 Gold Shaft Mining
25:23 Heavy Plow
27:11 Pikeman
27:52 Squires
28:06 Forging
27:57 Scale Mail Armor
32:08 Imperial Age
29:56 Hand Cart
31:46 Iron Casting
31:27 Chain Mail Armor
33:17 Conscription
32:44 Halberdier
33:12 Arson
35:07 Chemistry
34:19 Fortified Wall
33:56 Capped Ram
34:56 Treadmill Crane
36:29 Stone Shaft Mining
36:27 Plate Mail Armor
39:31 Bombard Tower
40:41 Murder Holes
𒉭BEHELIT𒉭
8:25 Feudal Age
9:44 Wheelbarrow
8:58 Double-Bit Axe
13:01 Loom
15:45 Castle Age
14:42 Fishing Lines
16:52 Bow Saw
19:13 Gillnets
22:26 Hand Cart
26:06 Horse Collar
26:22 Gold Mining
26:25 Stone Mining
27:59 Heavy Plow
28:36 Stone Shaft Mining
28:40 Gold Shaft Mining
28:47 Forging
28:37 Scale Mail Armor
31:12 Imperial Age
28:33 Town Watch
29:20 Sanctity
29:14 Redemption
29:24 Treadmill Crane
30:06 Ballistics
29:38 Fletching
30:27 Devotion
30:48 Squires
30:33 Arson
30:51 Bodkin Arrow
30:57 Padded Archer Armor
31:12 Chain Mail Armor
31:33 Iron Casting
31:15 Crossbowman
32:00 Thumb Ring
32:26 Conscription
32:48 Crop Rotation
32:57 Andean Sling
32:21 Elite Skirmisher
33:06 Bracer
33:22 Leather Archer Armor
34:15 Chemistry
34:58 Blast Furnace
34:28 Plate Mail Armor
33:33 Arbalester
35:04 Ring Archer Armor
34:49 Masonry
36:23 Fabric Shields
36:24 Andean Sling
35:44 Elite Kamayuk
.::Azaghast::.
2:20 Loom
9:53 Feudal Age
11:45 Double-Bit Axe
13:28 Wheelbarrow
21:16 Castle Age
19:39 Horse Collar
20:52 Town Watch
21:30 Scale Barding Armor
21:35 Forging
21:53 Bloodlines
22:06 Bow Saw
22:11 Heavy Plow
ZamSerg
4:55 Double-Bit Axe
6:42 Loom
7:12 Horse Collar
9:32 Feudal Age
14:08 Castle Age
13:00 Bow Saw
15:14 Heavy Plow
19:25 Wheelbarrow
23:23 Two-Man Saw
22:35 Scale Barding Armor
22:36 Husbandry
23:12 Cavalier
24:07 Forging
24:39 Town Watch
25:10 Hand Cart
27:53 Redemption
27:53 Fervor
28:04 Sanctity
31:42 Imperial Age
31:48 Imperial Age
29:48 Chain Barding Armor
30:04 Iron Casting
29:20 Fletching
29:28 Murder Holes
30:09 Light Cavalry
32:43 Crop Rotation
32:06 Gold Mining
32:07 Stone Mining
32:32 Caravan
32:01 Paladin
32:02 Hussar
33:34 Gold Shaft Mining
34:09 Plate Barding Armor
34:34 Blast Furnace
33:30 Bodkin Arrow
33:36 Scale Mail Armor
35:12 Stone Shaft Mining
37:18 Conscription
37:06 Burgundian Vineyards
Slayer30
10:56 Feudal Age
15:30 Castle Age
13:21 Fishing Lines
13:38 Double-Bit Axe
14:30 Loom
15:21 Wheelbarrow
15:26 Horse Collar
17:30 Bow Saw
17:23 Heavy Plow
19:05 Fervor
21:41 Town Watch
24:40 Gold Mining
24:40 Stone Mining
25:22 Bloodlines
25:13 Husbandry
26:59 Hand Cart
30:40 Imperial Age
29:20 Gold Shaft Mining
29:28 Scale Barding Armor
29:34 Forging
30:09 Chain Barding Armor
30:52 Iron Casting
31:57 Plate Barding Armor
33:03 Blast Furnace
31:35 Cavalier
33:30 Conscription
33:24 Savar
Ham Shank
6:39 Loom
10:45 Feudal Age
18:01 Castle Age
16:40 Double-Bit Axe
18:33 Horse Collar
28:03 Imperial Age
25:51 Gold Mining
26:19 Padded Archer Armor
31:10 Leather Archer Armor
34:13 Town Watch
35:03 Wheelbarrow
37:52 Ring Archer Armor
37:13 Fletching
39:18 Heavy Plow
41:06 Bloodlines
40:57 Husbandry
41:07 Scale Barding Armor
43:23 Chain Barding Armor
43:14 Forging
44:15 Plate Barding Armor
43:19 Heavy Camel Rider
47:10 Iron Casting
49:23 Bow Saw
49:31 Hand Cart
49:41 Artillery
50:01 Conscription
50:57 Treadmill Crane
reuellemos29
0:30 Loom
9:35 Feudal Age
13:59 Castle Age
12:59 Double-Bit Axe
15:59 Medium Warships
15:40 Fletching
16:47 Bow Saw
16:27 Horse Collar
23:53 Heavy Plow
25:52 Bodkin Arrow
26:37 Stone Mining
29:39 Wheelbarrow
29:56 Gold Mining
31:26 Stone Shaft Mining
31:28 Gold Shaft Mining
32:04 Hand Cart
32:27 Scale Mail Armor
36:49 Imperial Age
34:32 Forging
35:25 Chain Mail Armor
35:45 Iron Casting
37:04 Elite Turtle Ship
38:10 Heavy Warships
37:46 Bracer
38:50 Chemistry
37:35 Arrowslits
37:33 Treadmill Crane
38:03 Masonry
37:59 Siege Engineers
37:50 Murder Holes
39:33 Plate Mail Armor
39:05 Town Watch
39:27 Eupseong
40:35 Two-Man Saw
39:01 Elite Cannon Galleon
44:01 Shinkichon
44:02 Conscription
44:06 Ballistics
44:18 Architecture
51:27 Guilds
51:47 Coinage
Flash Git
0:32 Loom
11:18 Feudal Age
16:36 Castle Age
15:52 Double-Bit Axe
15:50 Horse Collar
16:19 Gold Mining
16:22 Stone Mining
19:13 Fletching
24:44 Bow Saw
25:03 Scale Barding Armor
25:08 Forging
26:10 Town Watch
27:03 Wheelbarrow
26:37 Gold Mining
27:30 Chain Barding Armor
27:25 Forging
28:26 Fervor
29:31 Iron Casting
30:05 Scale Mail Armor
30:24 Hand Cart
33:32 Imperial Age
31:45 Bloodlines
31:35 Husbandry
32:54 Gold Shaft Mining
33:04 Town Patrol
33:31 Stirrups
33:53 Heavy Plow
34:13 Chain Mail Armor
34:26 Ballistics
34:18 Masonry
34:41 Conscription
33:58 Elite Konnik
36:28 Blast Furnace
36:15 Squires
36:04 Arson
38:33 Plate Barding Armor
38:30 Plate Mail Armor
38:35 Architecture
40:40 Siege Engineers
43:07 Capped Ram
44:15 Siege Ram
Connection lost

Rejoining the realm…

Still unreachable

The connection could not be restored.

Session expired

The server has moved on; the page needs a fresh start.